[Event "Israel-ch Semi-final 2022"]
[Site "Ramat Gan"]
[Date "2022.05.09"]
[Round "1.1"]
[White "Tzidkiya, Yeshaayahu"]
[Black "Bin-Nun, Peleg"]
[Result "1-0"]
[ECO "C02"]
[WhiteElo "2430"]
[BlackElo "2056"]
[Annotator "TA"]
[PlyCount "91"]
[EventDate "2022.05.09"]
[EventType "swiss"]
[EventCountry "ISR"]
[SourceTitle "playchess.com"]
[Source "ChessBase"]
[SourceQuality "1"]
[TimeControl "40/5400+30:1800+30"]

1. e4 e6 2. d4 d5 3. e5 c5 4. c3 Nc6 5. Nf3 Bd7 6. Be2 Nge7 7. Na3 Ng6 8. O-O {[%emt 0:02:02] C02: French: Advance Variation.} Be7 9. Nc2 O-O 10. g3 {[%emt 0:00:32] The position is equal.} cxd4 11. cxd4 f6 12. h4 {[%emt 0:07:02] [#]} (12. exf6 $11 Bxf6 13. b3) 12... fxe5 $146 ({Predecessor:} 12... Nh8 13. exf6 Bxf6 14. Bg5 Nf7 15. Bxf6 Qxf6 16. Ne3 Nh6 17. Qd2 Be8 18. Rad1 Bh5 {½-½ (62) Ralphs,N (2000)-Osborne,M (2244) Bournemouth 2016}) 13. h5 Nh8 (13... e4 {looks sharper.} 14. hxg6 exf3 15. gxh7+ Kh8) 14. Nxe5 Nxe5 15. dxe5 Nf7 16. f4 Bc5+ 17. Be3 Bxe3+ 18. Nxe3 Qb6 19. Qb3 Qxb3 20. axb3 Rfc8 21. Rfc1 {[%emt 0:00:33] White is more active. White now steadily converts the win.} Rxc1+ 22. Rxc1 Rc8 {[%emt 0:00:46] Prevents Rc7.} 23. Rxc8+ Bxc8 $16 {[%emt 0:00:09][%mdl 4096] Endgame KBN-KBN} 24. Bg4 d4 25. Nc2 d3 26. Nb4 Nh6 27. Bd1 Nf5 {[%emt 0:01:36] [#] White must now prevent ...Ne3.} 28. Kf2 {[%emt 0:00:05] Prevents Ne3.} Bd7 29. Nxd3 b6 30. g4 Ne7 31. Bf3 Bc6 (31... Nc6 {might work better.} 32. Ke3 Kf7) 32. Nb4 Bb5 (32... Bxf3 $16 33. Kxf3 Kf7) 33. Nc2 $18 Kf7 (33... g6 {was called for.} 34. hxg6 hxg6) 34. Nd4 Bd3 35. Ke3 Bb1 (35... Bf1 36. Be4 g6) 36. Be4 Bxe4 37. Kxe4 {[%emt 0:00:03] KN-KN} g6 38. Nf3 {[%emt 0:03:29] [#] aiming for Ng5+.} gxh5 (38... h6 $142 39. hxg6+ Nxg6) 39. Ng5+ Ke8 40. gxh5 Kd7 41. Nxh7 {[%emt 0:30:18] Threatens to win with Nf8+.} Nf5 42. Kf3 Ke7 43. Kg4 Nd4 44. h6 {[%emt 0:00:00] Threatening mate with Ng5.} Kf7 45. Kh5 Kg8 46. Ng5 {[%emt 0:00:00] Weighted Error Value: White=0.06 (flawless) /Black=0.51} 1-0

[Event "Israel-ch Semi-final 2022"]
[Site "Ramat Gan"]
[Date "2022.05.09"]
[Round "1.2"]
[White "Rozen, Guy"]
[Black "Dvoirys, Semen I."]
[Result "0-1"]
[ECO "D91"]
[WhiteElo "1967"]
[BlackElo "2439"]
[Annotator "TA"]
[PlyCount "68"]
[EventDate "2022.05.09"]
[EventType "swiss"]
[EventCountry "ISR"]
[SourceTitle "playchess.com"]
[Source "ChessBase"]
[SourceQuality "1"]
[TimeControl "40/5400+30:1800+30"]

1. d4 Nf6 2. c4 g6 3. Nc3 d5 4. Nf3 Bg7 5. Bg5 Ne4 6. Bf4 Nxc3 7. bxc3 dxc4 8. e3 {[%emt 0:01:30] D91: Grünfeld: 4 Nf3 Bg7 5 Bg5.} b5 {[%emt 0:03:39] is the legacy move (8...Be6).} 9. a4 c6 10. Qb1 {[%emt 0:19:16] White has an edge.} Qa5 11. Kd2 (11. Qb2 $1 $14 {was preferrable.}) 11... Nd7 $11 {[%emt 0:01:28][%cal Od7c5] ...Nc5! is the strong threat.} 12. axb5 Qxb5 13. Qa2 Nb6 {[%emt 0:01:27] [#]} 14. Be5 $146 ({White should play} 14. Ne5 $11) ({Predecessor:} 14. Ne5 Bxe5 15. Bxe5 O-O 16. Rb1 Qa6 17. Rb2 c5 18. Be2 Qxa2 19. Rxa2 Bb7 20. f3 cxd4 21. Bxd4 {1-0 (45) Fajs,B (2173)-Grabowski,B (2048) ICCF email 2006}) 14... O-O $1 $15 15. Bxg7 Kxg7 16. Ne5 Rd8 {[%emt 0:24:52] aiming for ...Qxe5.} 17. Bd3 $2 Bf5 $2 (17... cxd3 18. Qxf7+ Kh6 19. Rhb1 $18) (17... Be6 $19 {and Black stays clearly on top.} 18. Rhb1 Qd5) 18. Nxc4 (18. Rhb1 $17 Qd5 19. Bxf5) 18... Bxd3 $19 19. Kxd3 {[%emt 0:00:00] [#]} e5 $1 {[%emt 0:10:42] Strongly threatening ...Nxc4.} 20. f3 {[%emt 0:00:00] [#]} exd4 {[%emt 0:02:44] Chess con chili.} (20... f5 $1 $19 {has better winning chances.} 21. Rhb1 e4+ 22. Ke2 Qxc4+ 23. Qxc4 Nxc4) 21. cxd4 $17 c5 {[%emt 0:00:15] Black is more active.} 22. Rhb1 Qc6 (22... Qe8 $17 {Threatens to win with ...cxd4.} 23. Nxb6 axb6) 23. Nxb6 $1 $15 ({Not} 23. Ne5 $2 Qe8 24. f4 cxd4 25. exd4 f6 $19) 23... axb6 24. Qb3 ({White should try} 24. Qb2 $1 $15) 24... Rxa1 $17 25. Rxa1 cxd4 26. exd4 {[%emt 0:00:00][%mdl 4096] Endgame KQR-KQR} Qd6 27. Ra4 Qxh2 28. Qxb6 Re8 29. Qb2 Qh5 (29... Kg8 $17 {White must now prevent ...Qg1.} 30. Ra5 (30. Qb5 Rf8 $17) 30... Rd8) 30. d5+ $1 $15 Kg8 31. Rd4 ({But not} 31. Qd4 $2 Qg5 32. Ra2 Qf5+ 33. Kc3 Qb1 $19) (31. d6 $15) 31... Qf5+ $19 32. Kd2 $2 (32. Re4 {was the crucial defense.}) 32... Qe5 {[%emt 0:02:43] Black is clearly winning.} 33. Kc2 (33. Qc3 $142 Qe2+ 34. Kc1 Qf1+ 35. Rd1 Qxg2 36. d6) 33... Qe2+ 34. Kb1 Qe1+ {[%emt 0:15:18] Weighted Error Value: White=0.86/Black=0.33} 0-1

[Event "Israel-ch Semi-final 2022"]
[Site "Ramat Gan"]
[Date "2022.05.09"]
[Round "1.3"]
[White "Birnboim, Nathan"]
[Black "Aronin, Pavel"]
[Result "1-0"]
[ECO "A31"]
[WhiteElo "2383"]
[BlackElo "1993"]
[Annotator "TA"]
[PlyCount "93"]
[EventDate "2022.05.09"]
[EventType "swiss"]
[EventCountry "ISR"]
[SourceTitle "playchess.com"]
[Source "ChessBase"]
[SourceQuality "1"]
[TimeControl "40/5400+30:1800+30"]

1. d4 Nf6 2. c4 c5 3. Nf3 cxd4 4. Nxd4 e5 5. Nb5 d5 6. cxd5 Bc5 7. N5c3 O-O 8. e3 e4 9. Be2 Re8 10. O-O {[%emt 0:00:28] A31: Symmetrical English: 2 Nf3 Nf6 3 d4.} Nbd7 11. Nd2 Nb6 12. Qc2 {[%emt 0:09:53][%cal Rd2e4] The position is equal.} Bf5 {[%emt 0:07:22][%mdl 1024] Black has compensation.} 13. Rd1 Bd6 14. Nf1 Rc8 15. Qb3 {[%emt 0:00:38] [#]} Nbd7 $146 ({Predecessor:} 15... a6 16. Ng3 Bg6 17. Na4 Nxa4 18. Qxa4 h5 19. Bd2 h4 20. Nf1 Bh5 21. Bxh5 Nxh5 22. Rac1 h3 23. Ng3 Bxg3 24. hxg3 hxg2 25. Rxc8 Qxc8 26. Rc1 {½-½ (26) Hamdani,R (2322)-Rathnakaran,K (2410) Melaka 2012}) 16. a3 (16. Nb5 $1 $11 Bb8 17. Ng3) 16... Nc5 $15 17. Qa2 Ng4 ({Much weaker is} 17... Nd3 18. Bxd3 exd3 19. f3 $11) 18. h3 $2 {[%emt 0:08:56][%mdl 8192] [#]} (18. Nb5 $15) 18... Nh6 $2 (18... Nxf2 $1 $19 19. Kxf2 Qg5) 19. Nb5 $1 $11 a6 $2 (19... Be5 $15 {stays ahead.}) 20. Nxd6 $16 Qxd6 21. Bd2 Bd7 22. Bb4 Qg6 23. Bxc5 Rxc5 24. Ng3 Rec8 (24... Qd6 $16 25. Rac1 Rxc1 26. Rxc1 g6) 25. Qb3 {[%emt 0:03:46] Black must now prevent Bh5.} b5 26. Rd2 (26. d6 $18) 26... f5 27. Bf1 Qd6 28. Rad1 Nf7 29. Qb4 Rc1 30. Qd4 (30. Rxc1 {seems wilder.} Rxc1 31. Qd4 g6 32. Ne2) 30... Rxd1 31. Rxd1 Qc5 32. Ne2 Qxd4 33. Nxd4 Nd6 34. b4 ({Better is} 34. f4 $16) 34... Kf7 $11 35. a4 Kf6 (35... bxa4 $11 36. Bxa6 Ra8) 36. axb5 $16 axb5 37. Ra1 Rc7 38. Ra5 $36 {[%emt 0:00:56][%cal Rf1b5][%mdl 2048] Keeping Black busy. White is more active.} Rc1 {[%emt 0:00:39] [#]} 39. Ra6 $1 Ke5 (39... Ke7 $16) 40. Ra7 $18 Be8 41. Ne2 Rc8 (41... Re1 $16) 42. Rxg7 Kxd5 (42... h5 $142 43. Nd4 Kf6) 43. Rxh7 (43. Nf4+ $18 {and White stays clearly on top.} Kc6 44. Rxh7) 43... Nc4 $2 (43... Kc4 $16 {is a better defense.} 44. Rh6 Rd8) 44. Rh6 {[%emt 0:00:00] White wants to mate with Nf4+.} Bd7 45. Ra6 {[%emt 0:00:00] Strongly threatening Nf4+.} Nd2 $2 (45... Rc6) 46. Nf4+ Ke5 47. Ng6+ {[%emt 0:00:00] Never resign too early!  Weighted Error Value: White=0.38/Black=0.52} 1-0

[Event "Israel-ch Semi-final 2022"]
[Site "Ramat Gan"]
[Date "2022.05.09"]
[Round "1.4"]
[White "Shimshovich, Asaf"]
[Black "Ben Ari, Yannay"]
[Result "0-1"]
[ECO "B87"]
[WhiteElo "1816"]
[BlackElo "2409"]
[Annotator "TA"]
[PlyCount "76"]
[EventDate "2022.05.09"]
[EventType "swiss"]
[EventCountry "ISR"]
[SourceTitle "playchess.com"]
[Source "ChessBase"]
[SourceQuality "1"]
[TimeControl "40/5400+30:1800+30"]

1. e4 c5 2. Nf3 d6 3. d4 cxd4 4. Nxd4 Nf6 5. Nc3 a6 6. Bc4 e6 7. Bb3 b5 8. O-O Be7 9. Qf3 Qb6 10. Be3 Qb7 11. Qg3 b4 12. Na4 Nbd7 13. f3 O-O 14. Ne2 {[%emt 0:01:54] B87: Sicilian Scheveningen/Najdorf: 6 Bc4, with early ...b5.} Rb8 {[%emt 0:07:58] [#]} 15. Qf2 $146 ({Predecessor:} 15. c4 bxc3 16. Nexc3 Qa8 17. Rfd1 a5 18. Kh1 Ba6 19. Bh6 Nh5 20. Qh3 Nhf6 21. Bf4 Ne5 {½-½ (82) Istratescu,A (2550)-Roeder,M (2435) Groningen 1997}) 15... a5 16. g4 {[%emt 0:02:34] The position is equal.} Qc7 17. g5 Nh5 18. Qh4 {[%emt 0:10:17] [#]} Ba6 $1 19. Rf2 (19. Qxh5 Bxe2) 19... g6 20. Ng3 {[%emt 0:00:51] [#]} Ng7 21. f4 Qc6 22. f5 exf5 23. exf5 {[%emt 0:08:21] Hoping for f6.} gxf5 (23... Bb7 $1 $15 24. Qc4 (24. fxg6 hxg6 25. Raf1 Ne5 $17) 24... Qxc4 25. Bxc4 Ne5) 24. Rxf5 $2 (24. Nxf5 $2 Nxf5 25. Rxf5 Rb5 $19) (24. Bd4 $11 {and White has nothing to worry.} Ne5 25. Qh6) 24... Ne5 $19 {[%emt 0:02:05] ...Bb7 is the strong threat.} (24... Bb7 25. Rd5 $15) 25. Rxe5 dxe5 {[%emt 0:00:02] The board is on fire.} 26. Qe4 Qc7 27. g6 hxg6 28. Qxg6 {[%emt 0:00:38] Nh5 would kill now.} Bc4 29. Qg4 {[%emt 0:00:38] [#] Intending Nh5 and mate.} Be6 $1 ({Inferior is} 29... Bxb3 30. Nf5 (30. Nh5 $2 Bg5 $19) 30... Bg5 31. Qxg5 $11) 30. Bxe6 fxe6 31. Bh6 (31. c4 {is a better defense.}) 31... Bc5+ $2 (31... Rf7 $19 32. Rf1 Rbf8 33. Rxf7 Rxf7 34. Bxg7 Bc5+ 35. Kg2 (35. Nxc5 $2 Qxc5+ 36. Kh1 Qd5+ 37. Kg1 Rxg7 $19) 35... Qc6+ 36. Qe4 Qxe4+ 37. Nxe4 Rxg7+ 38. Kf3 Rf7+ 39. Ke2 Ba7) 32. Nxc5 $11 Qxc5+ 33. Kh1 Qc6+ 34. Ne4 Rb7 35. Rg1 $2 {[%emt 0:00:35][%mdl 8192] [#]} (35. Qg2 $14 Qd5 36. Rg1) 35... Rf4 $1 $19 {[%emt 0:00:23][%mdl 512] Black is clearly winning.} 36. Bxf4 Qxe4+ 37. Rg2 {[%emt 0:01:21] Threatens to win with Bh6.} exf4 38. Qd1 f3 {[%emt 0:00:24] Weighted Error Value: White=0.75/Black=0.26 (precise)} 0-1

[Event "Israel-ch Semi-final 2022"]
[Site "Ramat Gan"]
[Date "2022.05.09"]
[Round "1.5"]
[White "Kochavi, Ori"]
[Black "Shteiman, Yuval"]
[Result "1/2-1/2"]
[ECO "C02"]
[WhiteElo "2365"]
[BlackElo "1984"]
[Annotator "TA"]
[PlyCount "66"]
[EventDate "2022.05.09"]
[EventType "swiss"]
[EventCountry "ISR"]
[SourceTitle "playchess.com"]
[Source "ChessBase"]
[SourceQuality "1"]
[TimeControl "40/5400+30:1800+30"]

1. e4 e6 2. d4 d5 3. e5 c5 4. c3 Nc6 5. Nf3 Bd7 6. Be2 Nge7 7. Na3 cxd4 8. cxd4 Nf5 9. Nc2 Be7 10. O-O {[%emt 0:02:57] C02: French: Advance Variation.} O-O {[%emt 0:00:12] 10...h5 is vanishing.} 11. Rb1 Rc8 12. Bd3 {[%emt 0:03:39] [#] The position is equal.} Kh8 $146 ({Predecessor:} 12... Nb4 13. Nxb4 Bxb4 14. Bg5 Be7 15. Bxe7 Nxe7 16. Qb3 Nc6 17. Rfc1 Rc7 18. Rc3 h6 {½-½ (53) Blagojevic,T (2260)-Stankovic,M (2435) Paracin 2022}) 13. g4 Nh4 (13... Nh6 $11) 14. Nxh4 $14 Bxh4 15. f4 {[%emt 0:00:15] Hoping for g5.} f6 {[%emt 0:10:09] Against g5} 16. g5 fxg5 ({Don't play} 16... fxe5 17. dxe5 Be8 18. b3 $16) 17. Qh5 {[%emt 0:00:18][%csl Gd3,LRg5,LRh7][%cal Rh5h7] [#]} g6 18. Bxg6 Qe7 19. Bd3 ({White should play} 19. fxg5 $11 Rxf1+ 20. Kxf1 Rf8+ 21. Kg2) 19... gxf4 (19... Be8 $5 20. Qe2 Bg6 21. Bxg6 hxg6 $15) 20. Bxf4 {[%emt 0:00:35] Strongly threatening Kh1.} Rg8+ 21. Kh1 $1 {[%emt 0:00:04][%cal Of4g3] [#] And now Bg3! would win.} Be8 (21... Qg7 $2 22. Bg3 (22. Rg1 Qe7 $18) 22... Be8 23. Qxh4 $18) 22. Qe2 Bg6 23. Bxg6 Rxg6 24. Rg1 Qf7 25. Rg4 (25. Rxg6 $1 $15 hxg6 26. Rf1) 25... Rxg4 26. Qxg4 Be7 {[%emt 0:02:52] aiming for ...Rg8.} (26... Ne7 $5 27. Ne3 (27. Qxh4 Ng6 $15) 27... Qg6 28. Qxg6 hxg6 $15) 27. Rg1 Rg8 28. Qxg8+ Qxg8 29. Rxg8+ Kxg8 $11 {[%emt 0:00:10] KBN-KBN} 30. a3 Bd8 31. Be3 Bb6 32. b4 Ne7 33. Bf2 Nf5 {Weighted Error Value: White=0.14 (very precise) /Black=0.09 (flawless)} 1/2-1/2

[Event "Israel-ch Semi-final 2022"]
[Site "Ramat Gan"]
[Date "2022.05.09"]
[Round "1.6"]
[White "Aharonovich, Itamar"]
[Black "Reprun, Nadejda"]
[Result "1-0"]
[ECO "D46"]
[WhiteElo "2324"]
[BlackElo "1954"]
[Annotator "TA"]
[PlyCount "108"]
[EventDate "2022.05.09"]
[EventType "swiss"]
[EventCountry "ISR"]
[SourceTitle "playchess.com"]
[Source "ChessBase"]
[SourceQuality "1"]
[TimeControl "40/5400+30:1800+30"]

1. c4 c6 2. d4 d5 3. Nf3 Nf6 4. e3 e6 5. Bd3 Bd6 6. Nbd2 Nbd7 7. O-O O-O 8. e4 dxe4 9. Nxe4 Nxe4 10. Bxe4 h6 11. Bc2 c5 12. Qd3 {[%emt 0:01:14][%csl Gc2][%cal Rd3h7] D46: Semi-Slav: 5 e3 Nbd7 6 Bd3, Black avoids the Meran.} Nf6 {[%emt 0:00:00] Prevents Qh7+.} 13. Rd1 Qc7 $1 14. dxc5 {[%emt 0:01:01] White is slightly better.} Bxc5 15. b4 $1 Be7 16. Bb2 {[%emt 0:01:37] Inhibits e5. Threatens to win with Bxf6. White is more active.} Rd8 {[%emt 0:00:00] [#]} 17. Be5 $146 ({White should try} 17. Qe2 $14) ({Predecessor:} 17. Qe2 Bd7 18. Be5 Qc8 19. Bc3 Be8 20. Ne5 Qc7 21. a4 Rac8 22. Rxd8 Rxd8 23. Qe3 {1-0 (52) Krasenkow,M (2605)-Krzyzanowski,M (2518) Warsaw 2020}) 17... Rxd3 $11 18. Bxc7 Rxd1+ ({Don't play} 18... Rc3 19. Bb3 $16) 19. Rxd1 Bd7 20. Ne5 Be8 21. Bd6 Kf8 22. f4 Bxd6 23. Rxd6 Ke7 24. Rd3 Rc8 25. Ra3 a6 26. Bd1 Nd7 27. Nxd7 Bxd7 {[%emt 0:00:00][%mdl 4096] Endgame KRB-KRB} 28. Be2 Be8 29. Kf2 Rd8 30. Ke3 {[%emt 0:00:51] Against Rd2} Bc6 31. g3 e5 (31... g5 $11 {remains equal.}) 32. fxe5 $16 Ke6 {[%emt 0:00:00] [#]} 33. Ra5 f6 34. exf6 Kxf6 35. Bd3 g6 36. a4 Re8+ 37. Kd2 Be4 (37... Re5 $16 {was worth a try.}) 38. Be2 g5 {[%emt 0:03:26] [#]} (38... Ke6 $142 39. Rc5 Kd7) 39. Rc5 $1 $18 Re7 40. a5 Bg6 41. Rd5 h5 $2 (41... Be4) 42. Rd6+ Kg7 43. Bf3 Bf7 44. c5 g4 45. Bg2 {[%emt 0:00:22] Hoping for Rb6.} Bc4 46. Kc3 Bb5 (46... Be2 47. Bd5 Bf3) 47. Rb6 Re3+ 48. Kd4 Rd3+ 49. Ke5 Re3+ 50. Kf4 Rb3 51. Rxb7+ Kf8 52. c6 Rxb4+ 53. Ke5 {[%emt 0:00:00] Threatening mate with Kf6.} Ra4 54. c7 Bd7 {[%emt 0:05:23] Weighted Error Value: White=0.15 (very precise) /Black=0.46} 1-0

[Event "Israel-ch Semi-final 2022"]
[Site "Ramat Gan"]
[Date "2022.05.16"]
[Round "2.1"]
[White "Dvoirys, Semen I."]
[Black "Stolyarsky, Yegor"]
[Result "1-0"]
[ECO "C90"]
[WhiteElo "2439"]
[BlackElo "2174"]
[Annotator "TA"]
[PlyCount "59"]
[EventDate "2022.05.09"]
[EventType "swiss"]
[EventCountry "ISR"]
[SourceTitle "playchess.com"]
[Source "ChessBase"]
[SourceQuality "1"]
[TimeControl "40/5400+30:1800+30"]

1. e4 e5 2. Nf3 Nc6 3. Bb5 a6 4. Ba4 Nf6 5. O-O Be7 6. Re1 b5 7. Bb3 d6 8. c3 Na5 9. Bc2 c5 10. d4 cxd4 11. cxd4 Bg4 {[%emt 0:00:08] The modern move. C90: Closed Ruy Lopez with 7...d6: Early deviations.} 12. dxe5 Bxf3 {[%emt 0:00:22][%mdl 64] [#] Remove Defender} 13. Qxf3 dxe5 {[%emt 0:00:08] White has an edge.} 14. Qg3 {[%emt 0:00:00][%csl LRe5,LRg7] [#]} Rc8 $146 (14... O-O $11) ({Predecessor:} 14... Qc7 15. Nc3 O-O 16. Bd1 Kh8 17. h4 Rad8 18. Bg5 Nc6 19. Bxf6 Bxf6 20. Nd5 Qd6 {½-½ (29) Elwood,D (1714)-Cox,R (1760) ICCF email 2017}) 15. Nc3 $14 ({Wrong is} 15. Qxg7 $2 Rg8 16. Qxg8+ Nxg8 $19) 15... Nc6 (15... O-O $14 {feels stronger.}) 16. Rd1 ({Much weaker is} 16. Qxg7 Rg8 17. Qh6 Nd4 $14) 16... Qc7 17. Qxg7 {[%emt 0:00:00] White is more active.} ({Better is} 17. Bb3 $16 g6 18. Bh6) 17... Rg8 $11 18. Qh6 {[%emt 0:00:00] And now Be3 would win.} Nd4 19. Bb3 $36 {[%emt 0:00:00][%mdl 2048] White is pushing.} Nf3+ $2 {[%emt 0:11:08] [#] Pair of Knights!} (19... Qd7 $1 $11 20. h3 Rg6) 20. Kf1 $1 $18 {[%emt 0:00:00] The board is on fire.} Nd4 21. Be3 Rg6 22. Qh3 {[%emt 0:00:00] Strongly threatening Nd5.} Bc5 $2 (22... Qd7 23. Qxd7+ Nxd7 24. Bxd4 exd4) 23. Nd5 Nxd5 (23... Qd7 {was called for.} 24. Nxf6+ Rxf6) 24. Bxd5 {[%emt 0:00:00] White is clearly winning.} Nc2 25. Bxc5 Qxc5 26. Qf5 {[%emt 0:00:00] Against Rf6} Rc7 (26... Nd4 $142 27. Qxf7+ Kd8 28. Qxh7 (28. Be6 Rc7 $11) 28... Rf6) 27. Qxe5+ Kf8 28. Rac1 Re7 29. Qh8+ Rg8 30. Qxh7 {[%emt 0:00:00] Weighted Error Value: White=0.13 (very precise) /Black=0.77} 1-0

[Event "Israel-ch Semi-final 2022"]
[Site "Ramat Gan"]
[Date "2022.05.16"]
[Round "2.2"]
[White "Zemach, Nadav"]
[Black "Birnboim, Nathan"]
[Result "1-0"]
[ECO "A63"]
[WhiteElo "2238"]
[BlackElo "2383"]
[Annotator "TA"]
[PlyCount "80"]
[EventDate "2022.05.09"]
[EventType "swiss"]
[EventCountry "ISR"]
[SourceTitle "playchess.com"]
[Source "ChessBase"]
[SourceQuality "1"]
[TimeControl "40/5400+30:1800+30"]

1. d4 Nf6 2. c4 c5 3. d5 e6 4. Nc3 exd5 5. cxd5 d6 6. g3 g6 7. Bg2 Bg7 8. Nf3 O-O 9. O-O a6 10. a4 Nbd7 11. Bf4 Qe7 12. h3 {[%emt 0:03:39] 12.h3 has lost popularity.} Rb8 13. e4 b5 {[%emt 0:02:58] A63: Modern Benoni: Fianchetto Variation: 9...Nbd7.} 14. axb5 axb5 15. Ra7 Ne8 {[%emt 0:07:06] The position is equal.} 16. Re1 {[%emt 0:02:10][%cal Oe4e5] Strongly threatening e5!} b4 {[%emt 0:13:43] [#]} ({Better is} 16... Qd8 $1 $14) 17. Na4 {[%emt 0:00:22] [#]} (17. Bg5 $2 f6 18. e5 fxg5 $19) (17. e5 $1 $16 {Black must now prevent Bg5.} Qd8 18. e6 bxc3 19. bxc3 (19. exd7 Bxd7 20. bxc3 Bxc3 $15) (19. e7 Qb6 $11) 19... Bxc3 20. e7 (20. exd7 Bxd7 21. Nd2 Bg7 $11)) 17... Bb7 $146 (17... Rb7 $11 18. Ra6 Rb5) ({Predecessor:} 17... Rb7 18. Ra6 f6 19. Rc6 Rb8 20. Nxc5 Nxc5 21. Rxc5 g5 22. Rxc8 Rxc8 23. Bd2 Qa7 24. Bxb4 {1-0 (35) Sorial,H-Doghri,N (2350) Cairo 1996}) 18. Qd3 $14 f6 19. Qb5 Ne5 20. Bxe5 fxe5 21. Nd2 ({White should try} 21. Nb6 $14 Rf7 22. Qa5) 21... Bh6 22. Nc4 Qf6 23. f3 {[%emt 0:02:43] Active counter play!} Bxd5 {[%emt 0:03:52] This move loses the game for Black.} 24. Qxb8 $18 ({Don't blunder} 24. Qd7 $2 Rf7 25. exd5 Rxd7 26. Rxd7 Qg5 $19) 24... Bxc4 25. Nb6 $40 {[%emt 0:03:29][%cal Ba4b6,Bb6d7,Bd7f6,Bf6e8][%mdl 160] White is out for blood.} (25. Qb7 Rf7 26. Qb8 Rxa7 27. Qxa7 Qg5 $11) 25... Ng7 (25... Be6 $142 26. Kh2 (26. Qb7 Rf7 $16) 26... c4) 26. Nd7 {[%emt 0:06:14] The board is on fire.} Rxb8 27. Nxf6+ Kh8 28. Rea1 Rf8 29. Ra8 Ne6 30. R1a7 Bg7 31. Rxf8+ Nxf8 32. Ne8 Bh6 33. Nxd6 Be3+ 34. Kh2 Be2 (34... Be6 {keeps fighting.} 35. Bf1 Bd4) 35. Nf7+ Kg8 36. Nxe5 b3 37. Rb7 {[%emt 0:02:25] White is clearly winning.} Bd1 38. Bf1 Bd4 39. Bc4+ Kh8 40. Nf7+ Kg7 {[%emt 0:01:12] Weighted Error Value: White=0.11 (very precise) /Black=0.49} 1-0

[Event "Israel-ch Semi-final 2022"]
[Site "Ramat Gan"]
[Date "2022.05.16"]
[Round "2.3"]
[White "Ben Ari, Yannay"]
[Black "Poleg, Matan"]
[Result "1/2-1/2"]
[ECO "E11"]
[WhiteElo "2409"]
[BlackElo "2225"]
[Annotator "TA"]
[PlyCount "94"]
[EventDate "2022.05.09"]
[EventType "swiss"]
[EventCountry "ISR"]
[SourceTitle "playchess.com"]
[Source "ChessBase"]
[SourceQuality "1"]
[TimeControl "40/5400+30:1800+30"]

1. d4 Nf6 2. c4 e6 3. Nf3 d5 4. g3 Bb4+ 5. Bd2 Be7 6. Bg2 O-O 7. Qc2 {[%emt 0:00:31] E11: Bogo-Indian.} Nbd7 $1 {[%emt 0:00:54][%mdl 4] is now more promising than 7...c6.} 8. h4 c5 9. cxd5 exd5 10. Nc3 Re8 {[%emt 0:07:18] [#]} 11. Rd1 $146 ({Predecessor:} 11. O-O h6 12. Bf4 a6 13. Rad1 c4 14. Ne5 Nb6 15. b3 Bb4 16. bxc4 dxc4 17. e4 {0-1 (45) Gelfand,B (2676)-Anand,V (2753) chess24.com INT 2020}) 11... c4 12. Bf4 a6 13. a4 Bb4 14. O-O Nb6 15. Ne5 Be6 16. Ra1 Ba5 17. Rfd1 Rc8 18. Bg5 h6 19. Bxf6 Qxf6 20. e4 Red8 21. Rac1 Bb4 22. Nxd5 Nxd5 23. exd5 Bxd5 24. Bxd5 Rxd5 25. Qe4 Qe6 26. Qf3 $1 b5 27. b3 $2 (27. Rc2 $11 {and White has nothing to worry.}) 27... Rdd8 $2 ({Better is} 27... c3 $19 {Threatens to win with ...c2.} 28. Qd3 Rdd8 29. axb5 axb5 30. Qxb5 c2 31. Qxb4 cxd1=N 32. Rxd1 Rc2) 28. bxc4 bxc4 29. Rc2 {[%emt 0:01:07] [#]} (29. Ng4 $1 $11) 29... a5 (29... c3 $1 $17 30. Qe4 Re8) 30. Ng4 $15 c3 31. d5 $1 Qe8 32. Qf5 (32. Re2 $11 {remains equal.} Qf8 33. Ne5) 32... Qxa4 $17 33. Ne5 (33. Rd4 $142) 33... Rc7 34. Kg2 Qb5 ({Black should try} 34... Bf8 $19 35. Rcc1 Ba3) 35. Qf3 Rd6 36. Ng4 a4 37. Ne3 (37. Ne5 $17 {is a better defense.}) 37... Qd7 $2 (37... Rf6 $19 38. Qe4 Re7) 38. Qe4 $11 Ba5 39. Ra1 Bb6 40. Nc4 {[%emt 0:00:02][%mdl 1024] White has compensation.} f5 $132 {[%emt 0:00:13][%mdl 2048] Black is not keeping still} 41. Qf4 Rf6 42. d6 Rc8 {[%emt 0:00:00] [#] Strongly threatening ...Qc6+.} 43. Kh2 Bc5 {[%emt 0:00:00][%cal Rc5d6] The position is equal.} 44. Rd1 {[%emt 0:00:00] Black must now prevent Ne5.} Rd8 45. Rxc3 Bxd6 46. Nxd6 Rxd6 47. Rxd6 Qxd6 {[%emt 0:04:20] Weighted Error Value: White=0.21 (precise) /Black=0.23 (precise)} 1/2-1/2